 Dungeon Crawl Stone Soup version 0.28-a0-1524-ge72afd5fc6 (webtiles) character file.

Game seed: 17457940367714301275

18 Shayle the Sneak (level 2, -5/19 HPs)
             Began as a Vampire Air Elementalist on Jan 17, 2022.
             Slain by Terence (11 damage)
             ... on level 2 of the Dungeon.
             The game lasted 00:02:38 (1421 turns).

Shayle the Sneak (Vampire Air Elementalist)         Turns: 1421, Time: 00:02:38

Health: -5/19      AC:  2    Str:  7    XL:     2   Next: 48%
Magic:  2/5        EV: 12    Int: 17    God:
Gold:   94         SH:  0    Dex: 14    Spells: 4/5 levels left

rFire   . . .      SeeInvis +   (no weapon)
rCold   . . .      Faith    .   (no shield)
rNeg    . . .      Spirit   .   a - +0 robe
rPois   .          Reflect  .   (no helmet)
rElec   .          Harm     .   (no cloak)
rCorr   .          Rampage  .   (no gloves)
Will    .....                   (no boots)
Stlth   +++.......              (no amulet)
HPRegen 0.26/turn               f - ring of wizardry
MPRegen 0.09/turn               (no ring)

@: healing quickly
A: alive, fangs 3, see invisible, vampiric 1
a: Exsanguinate


You were on level 2 of the Dungeon.
You visited 1 branch of the dungeon, and saw 2 of its levels.

You collected 94 gold pieces.

Inventory:

Armour
 a - a +0 robe (worn)
Jewellery
 f - a ring of wizardry (left hand)
Scrolls
 b - 5 scrolls of identify {unknown}
 d - a scroll of teleportation {unknown}
Potions
 c - a potion of degeneration {unknown}
 e - a potion of curing {unknown}
 g - a potion of magic {unknown}


   Skills:
 - Level 2.1 Dodging
 + Level 5.0 Stealth
 - Level 2.0 Spellcasting
 - Level 0.6 Conjurations
 - Level 3.0 Air Magic


You had 4 spell levels left.
You knew the following spells:

 Your Spells              Type           Power      Damage    Failure   Level
a - Shock                 Conj/Air       28%        1d4       4%          1

Your spell library contained the following spells:

 Spells                   Type           Power      Damage    Failure   Level
 Static Discharge         Conj/Air       7%         N/A       6%          2
 Swiftness                Air            11%        N/A       7%          3
 Airstrike                Air            5%         N/A       22%         4


Dungeon Overview and Level Annotations

Branches:
Dungeon (2/15)

Altars:

Annotations:
D:2 Sigmund, Terence


Innate Abilities, Weirdness & Mutations

Your natural rate of healing is accelerated.
You have razor-sharp teeth.
You have supernaturally acute eyesight. (SInv)
You are afflicted with vampirism.


Message History

Casting: Shock (safe; 4% risk of failure)
Confirm with . or Enter, or press ? or * to list all spells.
Aiming: Shock (safe; 4% risk of failure)
Press: ? - help, Shift-Dir - straight line, f - Terence
Aim: Terence, wielding a +0 flail and wearing a +0 scale mail (asleep, 100% to hit)
The zap hits Terence.
Terence is lightly wounded.
Terence shouts!
Terence barely misses you.
Casting: Shock (safe; 4% risk of failure)
Confirm with . or Enter, or press ? or * to list all spells.
Aiming: Shock (safe; 4% risk of failure)
Press: ? - help, Shift-Dir - straight line, p - Terence You miscast Shock.
You are very lightly contaminated with residual magic.
Nothing appears to happen.
Terence barely misses you.
Unknown command.
Casting: Shock (safe; 4% risk of failure)
Confirm with . or Enter, or press ? or * to list all spells.
Aiming: Shock (safe; 4% risk of failure)
Press: ? - help, Shift-Dir - straight line The zap hits Terence.
Terence is moderately wounded.
The zap hits Terence.
Terence is moderately wounded.
Terence hits you with a +0 flail!
Casting: Shock (safe; 4% risk of failure)
Confirm with . or Enter, or press ? or * to list all spells.
Aiming: Shock (safe; 4% risk of failure)
Press: ? - help, Shift-Dir - straight line The zap hits Terence.
Terence is moderately wounded.
The zap hits Terence.
Terence is heavily wounded.
Terence hits you with a +0 flail!
* * * LOW HITPOINT WARNING * * *
Your magical contamination has completely faded away.
Terence hits you with a +0 flail!
Ouch! That really hurt!
You die...

###############
..............#
.#...########.############
......## #...@@.......#
รท......## ############.#
........###### .#
.............# .#
......######.## .# .....##
##...## .# ..#.###
#.....## .#
......####......# .#
................#


You could see Terence.

Vanquished Creatures
  A dart slug (D:2)
  2 ball pythons
  3 endoplasms
  2 goblins (D:1)
  2 bats
  2 frilled lizards
  A kobold (D:1)
  3 rats
16 creatures vanquished.

Notes
Turn   | Place    | Note
-------+----------+-------------------------------------------
     0 | D:1      | Shayle the Vampire Air Elementalist began the quest for the
                  | Orb.
     0 | D:1      | Reached XP level 1. HP: 13/13 MP: 3/3
   488 | D:1      | Found a faded altar of an unknown god.
   495 | D:1      | Reached skill level 4 in Stealth
   651 | D:1      | Reached XP level 2. HP: 19/19 MP: 3/5
  1021 | D:2      | Noticed Sigmund
  1337 | D:2      | Reached skill level 5 in Stealth
  1406 | D:2      | Noticed Terence
  1421 | D:2      | Slain by Terence

Illustrated notes

Levels and vault maps discovered:
D:1:      dpeg_arrival_tiny_g, layout_loops_corners,
          hellmonk_ecumenical_altar_crossroads
D:2:      layout_loops_ring, basic_altar, st_stairs_1,
          kennysheep_generic_room_6, uniq_terence, uniq_sigmund, uniq_natasha

Skill      XL: |  1  2 |
---------------+-------+-----
Stealth        | 4 5 |  5.0
Dodging        | |  2.1
Spellcasting   | |  2.0
Conjurations   | |  0.6
Air Magic      | |  3.0

Action                   || total
-------------------------++-------
Melee: Unarmed           ||     1
 Cast: Shock             ||    27
Armor: Robe              ||     1
Dodge: Dodged            ||     2

Table legend: (Time is in decaauts)
 A = Elapsed time spent in this place.
 B = Non-inter-level travel time spent in this place.
 C = Inter-level travel time spent in this place.
 D = Time resting spent in this place.
 E = Time spent auto-exploring this place.
 F = Levels seen in this place.
 G = Mean time per level.
                   A        B        C        D        E       F      G
               +--------+--------+--------+--------+--------+-----+--------+
         Total |   1420 |   1375 |     45 |    217 |    917 |   2 |  710.0 |
       Dungeon |   1420 |   1375 |     45 |    217 |    917 |   2 |  710.0 |
               +--------+--------+--------+--------+--------+-----+--------+

Top non-repeatable levels by time:
     D:1: 996 daAuts
     D:2: 424 daAuts
